 Dungeon Crawl Stone Soup version 0.32-a0-928-g1cae6b7ea0 (webtiles) character file.

Game seed: 6699033135167905663

9875 Autsider the Toxicologist (level 11, -7/60 HPs)
             Began as a Spriggan Alchemist on Apr 12, 2024.
             Mangled by a five-headed hydra (15 damage)
             ... on level 10 of the Dungeon.
             The game lasted 00:30:24 (12420 turns).

Autsider the Toxicologist (Spriggan Alchemist)     Turns: 12420, Time: 00:30:25

Health: -7/60      AC:  5    Str: 10    XL:     11   Next: 28%
Magic:  23/25      EV: 22    Int: 25    God:
Gold:   447        SH:  0    Dex: 15    Spells: 19/28 levels left

rFire   + + .        y - staff of alchemy
rCold   x . .        (shield currently unavailable)
rNeg    . . .        z - +2 robe of Unreason {rF+ Int+3}
rPois   +            (helmet restricted)
rElec   .            D - +0 cloak
rCorr   .            (gloves unavailable)
SInv    +            (boots unavailable)
Will    +....        (no amulet)
Stlth   +++          e - +6 ring of strength
HPRegen 0.30/turn    L - ring of fire
MPRegen 0.19/turn

%: no passive effects
@: very quick
A: very small, no large weapons, unfitting armour, see invisible, speed 3
a: Convert to Beogh


You were on level 10 of the Dungeon.
You visited 2 branches of the dungeon, and saw 11 of its levels.

You collected 561 gold pieces.
You spent 114 gold pieces at shops.

Inventory:

Hand Weapons
 t - a +5 short sword
 G - a +4 trident of draining
 I - a +0 antimagic short sword
 N - the +4 orcbow of a bailey {flame, *Slow rElec Str-3 Int+7}
   (You took it off a wight on level 8 of the Dungeon)

   Str-3:     It affects your strength (-3).
   Int+7:     It affects your intelligence (+7).
   rElec:     It insulates you from electricity.
   *Slow:     It may slow you when you take damage.
Armour
 z - the +2 robe of Unreason (worn) {rF+ Int+3}
   (You bought it in a shop on level 4 of the Dungeon)

   Int+3:     It affects your intelligence (+3).
   rF+:       It protects you from fire.
 D - a +0 cloak (worn)
 M - a +0 troll leather armour
 O - a +0 buckler
Magical Staves
 y - a staff of alchemy (weapon)
Jewellery
 e - a +6 ring of strength (left hand)
 m - a ring of ice
 C - a ring of flight
 L - a ring of fire (right hand)
Wands
 k - a wand of polymorph (26)
 F - a wand of mindburst (5)
 H - a wand of digging (6)
Scrolls
 a - a scroll of fog
 c - a scroll of fear
 f - a scroll of butterflies
 h - a scroll of enchant armour
 i - a scroll of amnesia
 l - 3 scrolls of teleportation
 p - a scroll of blinking
 u - a scroll of vulnerability
 x - a scroll of noise
 A - 2 scrolls of poison
 J - a scroll of enchant weapon
Potions
 b - a potion of magic
 d - a potion of experience {unknown}
 g - 4 potions of mutation
 j - 2 potions of attraction {unknown}
 n - 2 potions of haste {unknown}
 o - a potion of brilliance {unknown}
 q - a potion of degeneration {unknown}
 r - a potion of heal wounds {unknown}
 s - a potion of invisibility {unknown}
 v - a potion of resistance {unknown}
 w - 2 potions of berserk rage {unknown}
 B - 3 potions of curing
 E - 2 potions of enlightenment {unknown}
 K - 2 potions of ambrosia {unknown}


   Skills:
 + Level 7.8 Fighting
 - Level 10.0 Dodging
 - Level 6.0 Stealth
 + Level 9.1 Spellcasting
 - Level 0.6 Conjurations
 - Level 4.0 Fire Magic
 + Level 10.9 Alchemy


You had 19 spell levels left.
You knew the following spells:

 Your Spells              Type           Power      Damage    Failure   Level
a - Sting                 Conj/Alch      100%       1d9       1%          1
b - Olgreb's Toxic Radia  Alch           78%        N/A       1%          4
c - Sticky Flame          Fire/Alch      83%        2d13      2%          4

Your spell library contained the following spells:

 Spells                   Type           Power      Damage    Failure   Level
 Mercury Vapours          Alch/Air       100%       N/A       1%          2
 Mephitic Cloud           Conj/Alch/Air  46%        N/A       3%          3
 Kiss of Death            Conj/Necr      48%        2d9       4%          1
 Shock                    Conj/Air       48%        1d6       4%          1
 Slow                     Hex            44%        N/A       5%          1
 Volatile Blastmotes      Fire/Tloc      64%        2d15      7%          3
 Lesser Beckoning         Tloc           22%        N/A       9%          2
 Confusing Touch          Hex            11%        N/A       16%         3
 Maxwell's Portable Pile  Tloc           11%        2d(6-16)  16%         3
 Passwall                 Erth           11%        N/A       16%         3
 Swiftness                Air            11%        N/A       16%         3
 Teleport Other           Tloc           11%        N/A       16%         3
 Vampiric Draining        Necr           11%        2d6       16%         3
 Airstrike                Air            5%         2d(1-17)  47%         4
 Dispel Undead            Necr           11%        3d9       47%         4
 Vhi's Electric Charge    Tloc/Air       22%        N/A       47%         4
 Bombard                  Conj/Erth      6%         9d2       100%        6


Dungeon Overview and Level Annotations

Branches:
Dungeon (10/15)            Temple (1/1) D:5
   Lair: D:8-11         Orc: D:9-12

Altars:
Ashenzari
Cheibriados
Dithmenos
Elyvilon
Fedhas
Gozag
Hepliaklqana
Kikubaaqudgha
Makhleb
Nemelex Xobeh
Okawaru
Qazlal
Ru
Sif Muna
Trog
Uskayaw
Vehumet
Wu Jian
Xom
Yredelemnul
Zin
The Shining One

Shops:
D:3 [   D:4 [[   D:6 :   D:7 =(:=   D:9 [

Annotations:
D:1 exclusion: downstairs
D:6 exclusion: downstairs
D:9 exclusion: 2 downstairs
D:10 Josephine


Innate Abilities, Weirdness & Mutations

You are very small and have problems with some larger weapons.
You are too small for most types of armour.
You have supernaturally acute eyesight. (SInv)
You cover ground extremely quickly. (Speed+++)


Message History

The unseen horror zombie misses you.
The centaur warrior zombie completely misses you. x2
The unseen horror zombie hits you. The centaur warrior zombie hits you!
* * * LOW HITPOINT WARNING * * *
The centaur warrior zombie closely misses you.
The centaur warrior zombie burns!
The unseen horror zombie burns!
The unseen horror zombie misses you. The unseen horror zombie hits you.
* * * LOW HITPOINT WARNING * * *
The centaur warrior zombie shakes off the sticky flame as it moves.
The unseen horror zombie completely misses you.
You climb upwards.
Level annotation: exclusion: 2 downstairs
There is a stone staircase leading down here.
There is an open door here.
There is an open door here.
There is an open door here.
There is an open door here.
There is a stone staircase leading down here.
You climb downwards.
Level annotation: Josephine The orc priest shouts!
The five-headed hydra roars!
The acid dragon roars!
The tengu conjurer shouts!
The orc wizard shouts!
You hear a shout!
The tengu conjurer gestures wildly while chanting.
The tengu conjurer conjures a globe of magical energy!
The orc priest closely misses you.
The five-headed hydra bites you but does no damage.
The five-headed hydra bites you.
* * * LOW HITPOINT WARNING * * *
The five-headed hydra bites you!
* * * LOW HITPOINT WARNING * * *
The five-headed hydra barely misses you.
The five-headed hydra completely misses you.
A cyclops comes into view.
The orc priest hits you but does no damage.
A shadow comes into view.
The five-headed hydra bites you!
* * * LOW HITPOINT WARNING * * *
The five-headed hydra closely misses you.
The five-headed hydra bites you!
You die...

♣♣♣ ♣♣♣♣.♣♣ ♣♣#
♣⌠..♣.♣♣♣.# ^
♣.♣♣..♣♣♣O♣O♣# .
♣....♣ ♣♣.♣♣
######o## ### .
♣♣.♣♣#...# .
#.♣♣♣♣♣♣...♣.D.e♣♣W..
. ..Z.........'@ß>'h♣
#.♣♣♣♣♣♣....D.o.♣♣...
♣♣.♣♣#...# ### ##'##
.. *## CQ ##


You could see a five-headed hydra, a cyclops (wandering), a deep elf pyromancer
(wandering), a tengu conjurer, a black bear, an acid dragon, a shadow, an orc
priest, an orc wizard and a battlesphere (distracted).

Vanquished Creatures
  2 two-headed ogres (D:10)
  An ugly thing (D:9)
  A gargoyle (D:8)
  An efreet (D:9)
  Jeremiah (D:7)
  2 trolls
  Prince Ribbit (D:7)
  Sigmund (D:2)
  A wraith (D:10)
  2 wyverns
  A yak (D:8)
  A steam dragon (D:8)
  A basilisk (D:10)
  Grum (D:8)
  An acid dragon (D:9)
  A water moccasin (D:7)
  2 sky beasts
  3 orc warriors
  A black bear (D:5)
  2 ice beasts
  2 ogres
  4 wolves (D:8)
  4 centaurs
  A phantom (D:5)
  5 kobold brigands
  2 gnoll sergeants
  3 bullfrogs
  22 wights
  9 killer bees
  4 howler monkeys
  A lava snake (D:7)
  3 gnoll boudas
  6 hounds
  10 orc priests
  Jessica (D:3)
  4 iguanas
  14 orc wizards
  A sleepcap (D:7)
  Ijyb (D:5)
  16 gnolls
  8 adders
  2 shadow imps (D:6)
  6 white imps
  6 ufetubi
  4 dart slugs
  A ribbon worm (D:4)
  44 orcs
  8 ball pythons
  8 bats
  9 endoplasms
  3 giant cockroaches
  4 goblins
  2 hobgoblins
  8 jackals
  22 kobolds
  2 frilled lizards
  7 rats
284 creatures vanquished.

Notes
Turn   | Place    | Note
-------+----------+-------------------------------------------
     0 | D:1      | Autsider the Spriggan Alchemist began the quest for the
                  | Orb.
     0 | D:1      | Reached XP level 1. HP: 9/9 MP: 5/5
    84 | D:1      | Reached XP level 2. HP: 13/13 MP: 2/6
   518 | D:1      | Reached XP level 3. HP: 16/16 MP: 5/8
   520 | D:1      | Reached skill level 1 in Fire Magic
   574 | D:1      | Found a faded altar of an unknown god.
  1241 | D:2      | Reached XP level 4. HP: 21/21 MP: 4/9
  1336 | D:2      | Learned a level 4 spell: Olgreb's Toxic Radiance
  1341 | D:2      | Learned a level 4 spell: Sticky Flame
  1583 | D:2      | Noticed Sigmund
  1597 | D:2      | Killed Sigmund
  1598 | D:2      | Reached XP level 5. HP: 24/24 MP: 2/10
  2058 | D:3      | Noticed Jessica
  2065 | D:3      | Killed Jessica
  2066 | D:3      | Reached XP level 6. HP: 18/28 MP: 3/11
  2484 | D:3      | Found Kuokoots's Armour Shoppe.
  3236 | D:4      | Found Heracles's Dragon-Slaying Spoils.
  3527 | D:4      | Found Xolo's Antique Armour Emporium.
  3540 | D:4      | Bought a translucent robe for 114 gold pieces
  3540 | D:4      | Identified the +2 robe of Unreason {rF+ Int+3} (You bought
                  | it in a shop on level 4 of the Dungeon)
  3606 | D:5      | Entered Level 5 of the Dungeon
  3612 | D:5      | Reached XP level 7. HP: 20/32 MP: 6/12
  3825 | D:5      | Found a staircase to the Ecumenical Temple.
  3854 | Temple   | Entered the Ecumenical Temple
  4514 | D:5      | Noticed Ijyb
  4523 | D:5      | Killed Ijyb
  4524 | D:5      | Reached XP level 8. HP: 37/37 MP: 4/13
  4608 | D:5      | Found the +15 Maxwell's patent armour {-Cast -Tele rElec
                  | Will+ rCorr}
  5297 | D:6      | Reached skill level 1 in Fighting
  5545 | D:6      | Found a blossoming altar of Fedhas.
  5628 | D:6      | Found Teathoxt's Tiny Tomes.
  6183 | D:7      | Found Xes Zibed's Weapon Shop.
  6183 | D:7      | Found Owkiruorph's Jewellery Shop.
  6185 | D:7      | Found Udeot's Jewellery Shop.
  6189 | D:7      | Found Fithyfy's Book Shop.
  6211 | D:7      | Reached skill level 5 in Stealth
  6352 | D:7      | Noticed Jeremiah
  6360 | D:7      | Killed Jeremiah
  6361 | D:7      | Reached skill level 5 in Dodging
  6361 | D:7      | Reached skill level 5 in Spellcasting
  6515 | D:7      | Reached XP level 9. HP: 38/43 MP: 12/18
  6834 | D:7      | Found a bloodstained altar of Trog.
  7341 | D:7      | Noticed Prince Ribbit
  7346 | D:7      | Killed Prince Ribbit
  7704 | D:8      | Reached skill level 5 in Fighting
  8302 | D:8      | Noticed Grum
  8310 | D:8      | Reached XP level 10. HP: 52/52 MP: 15/20
  8316 | D:8      | Killed Grum
  8724 | D:8      | Reached skill level 10 in Dodging
  9110 | D:8      | Identified the +4 orcbow of a bailey {flame, *Slow rElec
                  | Str-3 Int+7}
  9174 | D:8      | Noticed a gargoyle
  9347 | D:8      | Killed a gargoyle
  9923 | D:9      | Noticed a brown ugly thing
  9946 | D:9      | Killed a brown ugly thing
 10462 | D:9      | Found Lujuth's Superior Scales.
 10661 | D:9      | Reached skill level 10 in Alchemy
 11496 | D:9      | Reached XP level 11. HP: 50/58 MP: 5/24
 11671 | D:10     | Entered Level 10 of the Dungeon
 11688 | D:10     | Noticed Josephine
 11988 | D:10     | Noticed a two-headed ogre
 12188 | D:10     | Noticed a two-headed ogre
 12198 | D:10     | Killed a two-headed ogre
 12211 | D:10     | Killed a two-headed ogre
 12420 | D:10     | Noticed a yaktaur captain
 12420 | D:10     | Noticed a deep elf pyromancer
 12420 | D:10     | Noticed a five-headed hydra
 12420 | D:10     | Mangled by a five-headed hydra

Illustrated notes

Levels and vault maps discovered:
D:1:      dpeg_arrival_windows_large_door, layout_rooms,
          chequers_ecumenical_altar_twisty, minmay_misc_feat_tower
D:2:      minmay_chambers_of_twos, layout_rooms, uniq_sigmund
D:3:      layout_rooms, serial_forest, infiniplex_forest_clump_small,
          infiniplex_forest_straight_4, infiniplex_forest_lined_4_way,
          infiniplex_forest_pool, infiniplex_forest_corner_1, serial_shops,
          nicolae_shop_real_fake_doors, uniq_jessica
D:4:      layout_basic, serial_shops, nicolae_shop_waterfront,
          nicolae_shop_dragon_depot, kennysheep_generic_room_4
D:5:      layout_basic, minmay_temple_entry_ruins,
          chequers_serial_rivers_room_a, uniq_ijyb
D:6:      layout_loops_corners, fedhas_ov_isle_minmay, serial_demonic,
          serial_demonic_b, serial_demonic_g, serial_demonic_e,
          serial_demonic_g, nicolae_shop_i_like_small_books_too
D:7:      layout_cave_pools, trog_antimagical, minivault_10, minmay_holes,
          amcnicky_mini_corridor_feature, nicolae_lava_and_water,
          minmay_shop_grid_forest, minmay_unpleasant_kobolds, uniq_jeremiah,
          uniq_prince_ribbit1
D:8:      minmay_octagon_keep, layout_layer_cave, uniq_grum
D:9:      layout_grid_maze, hellmonk_scale_shop
D:10:     nzn_winding_woodlands_stair_cross [nzn_winding_woodlands_5x15_pockets,
          nzn_winding_woodlands_center_diamonds,
          nzn_winding_woodlands_5x15_crooked, nzn_winding_woodlands_5x5_default,
          nzn_winding_woodlands_hourglass, nzn_winding_woodlands_5x15_cabin,
          nzn_winding_woodlands_center_pierced_h,
          nzn_winding_woodlands_5x15_pathside_ponds], layout_rooms,
          grunt_lair_entry_orc_guard_hut, enter_bailey_2, serial_undead,
          serial_undead_b, serial_undead_e, serial_undead_b, serial_undead_a,
          minivault_1, uniq_josephine, uniq_joseph
Temple:   nicolae_temple_bog_church

Skill      XL: |  1  2  3  4  5  6  7  8  9 10 11 |
---------------+----------------------------------+-----
Spellcasting   | 3 5 6 8 9 |  9.1
Alchemy        | 4 6 7 9 10 | 10.9
Fire Magic     | 1 2 3 4 |  4.0
Dodging        | 5 9 10 | 10.0
Fighting       | 2 5 7 |  7.8
Stealth        | 6 |  6.0
Conjurations   | |  0.6

Action                     |  1- 3 |  4- 6 |  7- 9 | 10-12 || total
---------------------------+-------+-------+-------+-------++-------
  Melee: Unarmed           |    18 |    16 |       |       ||    34
         Punch             |       |     1 |       |       ||     1
         Short sword       |       |    12 |       |       ||    12
         Staff             |       |     2 |    49 |    35 ||    86
   Cast: Sting             |    67 |    36 |    91 |    22 ||   216
         Olgreb's Toxic Ra |       |    16 |    42 |    45 ||   103
         Sticky Flame      |       |       |    16 |    43 ||    59
    Use: Scroll            |       |       |       |    14 ||    14
   Stab: Sleeping          |       |     1 |     1 |       ||     2
 Armour: Robe              |    23 |    21 |    46 |    56 ||   146
  Dodge: Dodged            |    38 |    22 |    72 |   108 ||   240

Table legend: (Time is in decaauts)
 A = Elapsed time spent in this place.
 B = Non-inter-level travel time spent in this place.
 C = Inter-level travel time spent in this place.
 D = Time resting spent in this place.
 E = Time spent auto-exploring this place.
 F = Levels seen in this place.
 G = Mean time per level.
                   A        B        C        D        E       F      G
               +--------+--------+--------+--------+--------+-----+--------+
         Total |  10064 |   9685 |    379 |    417 |   7802 |  11 |  914.9 |
       Dungeon |  10040 |   9685 |    355 |    417 |   7802 |  10 | 1004.0 |
        Temple |     24 |      0 |     24 |      0 |      0 |   1 |   24.0 |
               +--------+--------+--------+--------+--------+-----+--------+

Top non-repeatable levels by time:
     D:9: 1893 daAuts
     D:8: 1832 daAuts
     D:5: 1060 daAuts
     D:7: 1057 daAuts
     D:6: 1022 daAuts
     D:2: 838 daAuts
     D:1: 777 daAuts
     D:4: 709 daAuts
     D:3: 587 daAuts
    D:10: 262 daAuts
  Temple: 24 daAuts
